 Dungeon Crawl Stone Soup version 0.29-a0-11-ga75d3d97ab (webtiles) character file.

Game seed: 4496110951721708802

632 oldriver the Sneak (level 7, -3/46 HPs)
             Began as an Octopode Hedge Wizard on Jan 26, 2022.
             Was an Initiate of Gozag.
             Slain by Prince Ribbit (18 damage)
             ... on level 5 of the Dungeon on Jan 28, 2022.
             The game lasted 00:12:08 (7229 turns).

oldriver the Sneak (Octopode Hedge Wizard)          Turns: 7229, Time: 00:12:10

Health: -3/46      AC:  1    Str:  9      XL:     7   Next: 49%
Magic:  0/13       EV: 13    Int: 15 (16) God:    Gozag
Gold:   96         SH:  0    Dex: 13 (14) Spells: 6/14 levels left

rFire   . . .      SeeInvis .   g - +1 dagger (pain)
rCold   . . .      Faith    .   (no shield)
rNeg    . . .      Spirit   .   b - +0 hat
rPois   .          Reflect  .   (no amulet)
rElec   .          Harm     .   (no ring)
rCorr   .          Rampage  .   (no ring)
Will    .....                   (no ring)
Stlth   ++++......              (no ring)
HPRegen 0.15/turn               (no ring)
MPRegen 0.13/turn               (no ring)
                                (no ring)
                                (no ring)

@: no status effects
A: almost no armour, amphibious, 8 rings, camouflage 1, gelatinous body 1,
(nimble swimmer 1), tentacles
a: Renounce Religion, Potion Petition, Call Merchant, Bribe Branch


You were on level 5 of the Dungeon.
You worshipped Gozag.
Gozag was noncommittal.
You visited 2 branches of the dungeon, and saw 6 of its levels.
You also visited: Sewer.

You collected 156 gold pieces.
You paid 60 gold pieces to Gozag.

Inventory:

Hand Weapons
 g - a +1 dagger of pain (weapon)
Missiles
 h - a curare-tipped dart
Armour
 b - a +0 hat (worn)
Wands
 d - a wand of flame (27)
Scrolls
 a - a scroll of vulnerability {unknown}
 e - a scroll of blinking
Potions
 c - 4 potions of flight
 f - a potion of attraction {unknown}


   Skills:
 + Level 3.2 Fighting
 + Level 2.2 Dodging
 + Level 5.6 Stealth
 + Level 4.4 Spellcasting
 - Level 3.2 Conjurations
 + Level 3.4 Summonings
 - Level 1.0 Translocations


You had 6 spell levels left.
You knew the following spells:

 Your Spells              Type           Power      Damage    Failure   Level
a - Magic Dart            Conj           52%        1d5       4%          1
b - Call Imp              Summ           13%        N/A       6%          2
c - Call Canine Familiar  Summ           13%        N/A       13%         3
d - Blink                 Tloc           12%        N/A       17%         2

Your spell library contained the following spells:

 Spells                   Type           Power      Damage    Failure   Level
 Summon Small Mammal      Summ           52%        N/A       4%          1
 Slow                     Hex            12%        N/A       17%         1
 Conjure Flame            Conj/Fire      8%         6-21      26%         3
 Summon Guardian Golem    Hex/Summ       8%         N/A       26%         3
 Mephitic Cloud           Conj/Pois/Air  6%         N/A       32%         3


Dungeon Overview and Level Annotations

Branches:
Dungeon (5/15)             Temple (1/1) D:5           Sewer (visited)

Altars:
Ashenzari
Cheibriados
Dithmenos
Elyvilon
Fedhas
Gozag
Hepliaklqana
Kikubaaqudgha
Makhleb
Nemelex Xobeh
Okawaru
Qazlal
Ru
Trog
Uskayaw
Vehumet
Wu Jian
Xom
Yredelemnul
Zin
The Shining One

Shops:
D:3 ?

Annotations:
D:4 Sigmund
D:5 Prince Ribbit


Innate Abilities, Weirdness & Mutations

You cannot wear most types of armour.
You are amphibious.
You can wear up to eight rings at the same time.
Your skin changes colour to match your surroundings (Stealth+).
Your rubbery body absorbs attacks. (AC +1, EV +1)
((You are camouflaged when in or above water. (Stealth+)))
You have tentacles for arms and can constrict up to eight enemies at once.


Message History

Your crimson imp blinks!
Prince Ribbit misses you.
The magic dart hits Prince Ribbit.
Prince Ribbit is severely wounded.
Prince Ribbit barely misses you.
You miscast Magic Dart.
You are very lightly contaminated with residual magic.
Nothing appears to happen.
Prince Ribbit hits you! x2
The magic dart hits Prince Ribbit.
Prince Ribbit is severely wounded.
Your crimson imp blinks!
Prince Ribbit blinks!
Your crimson imp hits Prince Ribbit.
Casting: Magic Dart (safe; 4% risk of failure)
Confirm with . or Enter, or press ? or * to list all spells.
You don't have enough magic to cast this spell.
Unknown command.
Prince Ribbit closely misses your crimson imp.
Your crimson imp barely misses Prince Ribbit.
Prince Ribbit blinks!
You miss Prince Ribbit. Your grab misses Prince Ribbit.
Your squeeze misses Prince Ribbit.
Prince Ribbit is almost dead.
Prince Ribbit hits you!
* * * LOW HITPOINT WARNING * * *
Prince Ribbit closely misses you.
Your crimson imp hits Prince Ribbit.
Your magical contamination has completely faded away.
Your crimson imp misses Prince Ribbit.
Prince Ribbit blinks!
Your crimson imp blinks!
You see here a +0 helmet.
Prince Ribbit blinks!
Casting: Magic Dart (safe; 4% risk of failure)
Confirm with . or Enter, or press ? or * to list all spells.
A beastly little devil appears in a puff of frigid air.
Your crimson imp disappears in a puff of smoke!
Prince Ribbit hits you!!
You die...
Your body crumbles into a pile of gold.

......######.........# #..
°.....#..............#.# #..
....°°######.#######.#.# #..
.....○# #.# #F#.# $#.. .....°#
#.# #.#.# #.. ......## #.# #.#.#
#.. ......8## #.#######§#.# ###
........####.#..F....#.##########
......8......#..@5...§...........
......######.#########.##########
○.....# #...........# ....○○#
############# ..○...# °.....#
°.....# #######


You could see Prince Ribbit (ally target) and a friendly white imp (summoned).

Vanquished Creatures
  A kobold brigand (D:4)
  A howler monkey (D:4)
  A centaur skeleton (D:4)
  An orc priest (D:4)
  2 jellies
  A merfolk siren (Sewer)
  A merfolk avatar (Sewer)
  6 adders
  A river rat (Sewer)
  2 worms
  3 dart slugs
  4 ball pythons
  5 endoplasms
  4 giant cockroaches
  6 goblins
  5 hobgoblins
  4 quokkas (Sewer)
  4 bats
  9 frilled lizards
  2 kobolds
  23 rats
86 creatures vanquished.

Vanquished Creatures (collateral kills)
  A scorpion (D:4)
  A hound (D:3)
  A jelly (D:3)
  An orc priest (D:4)
  4 gnolls (D:2)
  2 adders
  An adder skeleton (D:4)
  A worm (D:3)
  An orc (D:4)
  A goblin (D:4)
  2 quokkas (D:4)
  4 frilled lizards (Sewer)
  5 rats
25 creatures vanquished.

Grand Total: 111 creatures vanquished

Notes
Turn   | Place    | Note
-------+----------+-------------------------------------------
     0 | D:1      | oldriver the Octopode Hedge Wizard began the quest for the
                  | Orb.
     0 | D:1      | Reached XP level 1. HP: 11/11 MP: 4/4
     1 | D:1      | Noticed an electric eel
   243 | D:1      | Reached XP level 2. HP: 4/18 MP: 0/6
   545 | D:1      | Reached skill level 3 in Stealth
   931 | D:1      | Found a faded altar of an unknown god.
  1408 | D:2      | Reached XP level 3. HP: 20/22 MP: 2/7
  1551 | D:2      | Reached skill level 1 in Fighting
  1632 | D:2      | Learned a level 2 spell: Call Imp
  1704 | D:2      | Learned a level 2 spell: Blink
  1928 | D:2      | Reached XP level 4. HP: 28/28 MP: 5/8
  2873 | D:3      | Found a glowing drain.
  2941 | Sewer    | Entered a sewer
  3296 | Sewer    | Reached XP level 5. HP: 34/34 MP: 8/10
  3308 | Sewer    | Reached skill level 4 in Stealth
  3672 | Sewer    | Noticed a malarious merfolk avatar
  3760 | Sewer    | Killed a malarious merfolk avatar
  4291 | D:3      | Reached XP level 6. HP: 36/39 MP: 3/11
  4486 | D:3      | Found Toreack's Magic Scroll Shop.
  4978 | D:4      | Noticed Sigmund
  5336 | D:4      | Reached skill level 5 in Stealth
  5336 | D:4      | Reached XP level 7. HP: 45/45 MP: 4/13
  5417 | D:4      | Upgraded the game from 0.29-a0-2-g12fcac58f8 to
                  | 0.29-a0-11-ga75d3d97ab
  6065 | D:3      | Learned a level 3 spell: Call Canine Familiar
  6709 | D:4      | You fall into a shaft and drop 1 floor!
  6709 | D:5      | Entered Level 5 of the Dungeon
  6804 | D:5      | Found a staircase to the Ecumenical Temple.
  6813 | Temple   | Entered the Ecumenical Temple
  7108 | Temple   | Became a worshipper of Gozag Ym Sagoz the Greedy
  7190 | D:5      | Noticed Prince Ribbit
  7229 | D:5      | Slain by Prince Ribbit

Illustrated notes

Levels and vault maps discovered:
D:1:      arrival_aquarium_a, layout_basic,
          hellmonk_ecumenical_altar_prayer_group
D:2:      layout_loops_ring, minmay_misc_feat_cross, minmay_misc_feat_alley
D:3:      layout_loops_ring, cheibrodos_sewer_entry_bend, serial_shops,
          nicolae_diamond_shop
D:4:      layout_rooms, uniq_sigmund
D:5:      layout_basic, lemuel_temple_firewalk_b, serial_shops,
          nicolae_shop_window_shopping, st_stairs_7, uniq_edmund,
          uniq_prince_ribbit1
Temple:   regret_index_temple_sigil_plot

Skill      XL: |  1  2  3  4  5  6  7 |
---------------+----------------------+-----
Stealth        | 3 4 5 |  5.6
Fighting       | 1 2 3 |  3.2
Conjurations   | 2 3 |  3.2
Summonings     | 2 3 |  3.4
Spellcasting   | 4 |  4.4
Dodging        | |  2.2
Translocations | |  1.0

Action                   |  1- 3 |  4- 6 |  7- 9 || total
-------------------------+-------+-------+-------++-------
Melee: Dagger            |    27 |    66 |     9 ||   102
       Constrict         |     6 |    17 |     1 ||    24
       Tentacles         |     5 |    13 |     4 ||    22
       Punch             |       |     1 |       ||     1
Throw: Dart              |       |     1 |       ||     1
 Cast: Magic Dart        |    29 |    99 |    45 ||   173
       Call Imp          |     4 |    22 |     9 ||    35
       Blink             |       |     1 |       ||     1
       Call Canine Famil |       |       |     4 ||     4
  Use: Scroll            |       |     7 |     1 ||     8
       Potion            |       |     4 |       ||     4
 Stab: Sleeping          |     6 |     9 |       ||    15
       Distracted        |       |     1 |       ||     1
Armor: Skin              |     3 |     8 |     1 ||    12
Dodge: Dodged            |    25 |    53 |    27 ||   105

Table legend: (Time is in decaauts)
 A = Elapsed time spent in this place.
 B = Non-inter-level travel time spent in this place.
 C = Inter-level travel time spent in this place.
 D = Time resting spent in this place.
 E = Time spent auto-exploring this place.
 F = Levels seen in this place.
 G = Mean time per level.
                   A        B        C        D        E       F      G
               +--------+--------+--------+--------+--------+-----+--------+
         Total |   7233 |   6960 |    273 |   2184 |   3505 |   7 | 1033.3 |
       Dungeon |   5663 |   5454 |    209 |   1645 |   2845 |   5 | 1132.6 |
        Temple |    326 |    262 |     64 |      0 |    244 |   1 |  326.0 |
         Sewer |   1243 |   1243 |      0 |    539 |    416 |   1 | 1243.0 |
               +--------+--------+--------+--------+--------+-----+--------+

Top non-repeatable levels by time:
     D:1: 1485 daAuts
     D:4: 1436 daAuts
     D:2: 1288 daAuts
     D:3: 1261 daAuts
   Sewer: 1243 daAuts
  Temple: 326 daAuts
     D:5: 191 daAuts
